Map: Eastwatch LE

Players

Dark

  • Race: Zerg Zerg
  • Spawn Location: 1:00

Maru - Winner!

  • Race: Terran Terran
  • Spawn Location: 7:00

Event: WESG 2017 Haikou

VOD

Have the link to the VOD?

Description

Time

  • Played on: March 17, 2018, 9:54 p.m.
  • Length: 19:36

All games in this series

Show
View Real Time Build Order
Export as new Build Order

Dark Zerg 

Build Orders: Hatch First, Swarm Host 

Get SALT Encoding   

  12  0:00  Drone  
  13  0:12  Overlord  
  13  0:17  Drone  
  14  0:30  Drone x2  
  16  0:38  Drone  
  17  0:51  Hatchery  
  17  0:55  Drone  
  17  0:58  Drone  
  18  1:09  Extractor  
  17  1:14  Spawning Pool  
  17  1:16  Drone  
  17  1:19  Drone  
  18  1:27  Drone  
  19  1:40  Overlord  
  19  1:54  Drone  
  20  2:03  Queen x2  
  20  2:04  Zergling x4  
  26  2:14  Drone  
  28  2:15  Drone  
  28  2:25  Hatchery  
  28  2:29  Drone  
  28  2:34  Drone x2  
  30  2:41  Queen  
  32  2:48  Overlord  
  32  2:50  Drone  
  33  2:53  Drone x2  
  35  3:02  Drone  
  35  3:05  Overlord  
  36  3:07  Lair  
  36  3:15  Drone  
  36  3:17  Roach Warren  
  36  3:19  Drone  
  37  3:20  Drone  
  37  3:22  Drone  
  37  3:25  Extractor  
  37  3:26  Drone, Extractor  
  38  3:30  Drone  
  38  3:31  Drone  
  38  3:34  Drone  
  41  3:38  Drone x2  
  43  3:43  Drone x2  
  43  3:48  Drone  
  46  3:50  Drone  
  47  3:56  Drone  
  47  3:57  Overlord  
  47  3:58  Drone x2  
  50  4:03  Drone x2  
  50  4:04  Glial Reconstitution  
  52  4:10  Drone  
  52  4:12  Roach x2, Extractor  
  56  4:18  Roach x2  
  56  4:20  Drone  
  56  4:23  Evolution Chamber  
  60  4:26  Overlord  
  60  4:28  Overlord  
  60  4:31  Overseer  
  60  4:41  Drone  
  60  4:42  Spire  
  60  4:44  Roach x2  
  64  4:48  Roach  
  64  4:49  Roach  
  68  5:00  Roach x2  
  68  5:01  Roach x2  
  68  5:05  Zerg Ground Armor Level 1  
  70  5:22  Roach x2  
  70  5:24  Drone x4  
  76  5:32  Roach x3  
  80  5:37  Roach  
  82  5:47  Overlord x2  
  82  5:56  Overlord x2  
  81  6:09  Roach  
  81  6:10  Roach x2  
  84  6:11  Drone x5  
  84  6:15  Drone  
  87  6:19  Drone  
  84  6:26  Drone  
  84  6:29  Drone  
  84  6:31  Drone  
  87  6:33  Drone  
  88  6:41  Drone x2  
  88  6:42  Drone x2  
  88  6:47  Drone x2  
  88  6:48  Drone  
  88  6:51  Drone x2  
  93  6:54  Drone x2  
  93  6:59  Drone  
  96  7:06  Drone x4, Zerg Missile Weapons Level 1  
  96  7:08  Drone  
  101  7:13  Drone  
  101  7:14  Drone x3  
  105  7:26  Drone x2  
  105  7:29  Drone x2  
  109  7:30  Drone x4  
  109  7:34  Infestation Pit  
  109  7:35  Extractor  
  109  7:36  Hatchery, Extractor  
  109  7:39  Drone  
  110  7:45  Overlord x2  
  110  7:50  Overlord  
  110  7:56  Baneling Nest, Drone  
  110  7:57  Evolution Chamber  
  110  7:58  Drone x5  
  110  7:59  Overlord x2  
  110  8:04  Drone x3  
  117  8:11  Hatchery  
  116  8:16  Swarm Host x3  
  116  8:17  Swarm Host  
  116  8:19  Swarm Host  
  131  8:22  Swarm Host x2  
  137  8:27  Swarm Host x2  
  137  8:33  Zerg Melee Weapons Level 1  
  137  8:34  Drone x2  
  145  8:36  Swarm Host x2  
  145  8:38  Swarm Host  
  152  8:55  Swarm Host x2  
  152  8:57  Centrifical Hooks  
  152  8:58  Extractor  
  152  8:59  Extractor  
  156  9:14  Roach x2  
  158  9:17  Roach  
  158  9:18  Overlord x2  
  158  9:22  Overlord x2  
  156  9:25  Overlord x2  
  156  9:26  Overlord  
  156  9:28  Roach x2  
  156  9:30  Overlord  
  160  9:35  Roach  
  157  9:39  Roach x3  
  157  9:40  Roach x6  
  157  9:41  Roach  
  157  9:42  Roach  
  157  9:44  Roach x2  
  183  9:52  Roach x2  
  181  9:53  Roach  
  181  9:56  Roach  
  177  10:00  Queen x2  
  177  10:01  Queen  
  177  10:02  Zerg Missile Weapons Level 2  
  183  10:07  Swarm Host x3  
  183  10:10  Roach  
  190  10:15  Roach x3  
  190  10:17  Roach  
  188  10:23  Roach  
  190  10:30  Roach x3  
  190  10:32  Zergling x2  
  195  10:35  Zergling x2  
  195  10:36  Zergling x4  
  195  10:39  Roach x2  
  195  10:40  Roach  
  195  10:42  Hatchery, Zerg Melee Weapons Level 2  
  193  10:46  Zergling x4  
  193  10:47  Roach  
  193  10:50  Roach  
  195  10:57  Roach  
  195  10:59  Roach  
  195  11:00  Roach  
  195  11:02  Baneling x4  
  199  11:09  Hive  
  199  11:10  Metabolic Boost  
  189  11:17  Drone  
  189  11:18  Drone  
  181  11:19  Drone  
  181  11:20  Swarm Host x3  
  191  11:29  Roach x3  
  197  11:45  Spine Crawler  
  194  12:02  Zergling x8  
  194  12:03  Roach x3  
  194  12:06  Zergling x4  
  194  12:08  Baneling x2  
  192  12:10  Roach x4  
  192  12:14  Pneumatized Carapace, Spore Crawler  
  186  12:22  Mutalisk x9, Spore Crawler  
  196  12:31  Mutalisk x3  
  196  12:36  Zerg Flyer Armor Level 1  
  189  12:37  Spire  
  165  12:46  Mutalisk x3  
  165  12:47  Mutalisk x4  
  165  12:48  Overseer x4  
  175  12:51  Roach x4  
  175  12:53  Zergling x4  
  175  12:54  Roach  
  181  13:03  Roach x3  
  187  13:06  Zergling x2  
  187  13:12  Roach x2  
  186  13:14  Zergling x2  
  186  13:18  Zergling x2  
  186  13:23  Hatchery  
  185  13:33  Zergling x2  
  185  13:34  Zergling x24  
  189  13:38  Roach  
  189  13:39  Roach  
  189  13:40  Roach  
  196  13:44  Roach, Baneling x3  
  198  13:50  Roach  
  194  14:00  Roach  
  180  14:08  Baneling x5  
  180  14:09  Swarm Host x2, Baneling  
  177  14:10  Swarm Host x5  
  177  14:16  Baneling x3  
  198  14:17  Baneling x5  
  198  14:18  Zerg Missile Weapons Level 3  
  198  14:19  Zerg Melee Weapons Level 3  
  198  14:22  Drone  
  199  14:24  Zerg Flyer Weapons Level 1  
  199  15:03  Zerg Flyer Armor Level 2  
  191  15:15  Drone x8  
  191  15:16  Spine Crawler  
  191  15:18  Spine Crawler  
  191  15:20  Extractor  
  196  15:24  Adrenal Glands  
  196  15:41  Hydralisk Den  
  195  15:43  Drone x3  
  195  15:44  Drone  
  197  16:05  Overseer  
  197  16:08  Zergling x4  
  199  16:17  Spore Crawler  
  198  16:24  Grooved Spines  
  198  16:30  Hydralisk x6  
  198  16:59  Zergling x4  
  198  17:00  Zergling x20  
  184  17:08  Zergling x2  
  184  17:09  Zergling x16  
  184  17:10  Zergling x14  
  184  17:12  Zergling x4  
  184  17:14  Overlord x3  
  197  17:24  Baneling x21  
  197  17:25  Baneling  
  189  17:30  Baneling  
  189  17:31  Baneling x6  
  189  17:35  Muscular Augments  
  176  17:37  Hydralisk x3  
  176  17:38  Hydralisk  
  176  17:49  Hydralisk x2  
  155  17:51  Hydralisk x4  
  155  17:52  Hydralisk  
  155  17:53  Zergling x16  
  164  18:00  Hydralisk  
  164  18:01  Hydralisk x2  
  164  18:05  Hydralisk x2  
  156  18:07  Hydralisk  
  156  18:12  Hydralisk  
  154  18:13  Hydralisk  
  154  18:15  Extractor  
  154  18:17  Zergling x6  
  156  18:24  Burrow  
  154  18:28  Hydralisk x5  
  154  18:29  Baneling x3  
  154  18:30  Hatchery  
  154  18:31  Corruptor  
  159  18:36  Corruptor x2  
  159  18:37  Hydralisk  
  161  18:42  Hydralisk  
  162  18:48  Hydralisk x2  
  162  18:49  Hydralisk  
  162  18:50  Baneling x6  
  162  18:54  Zergling x2  
  169  18:59  Hydralisk x2  
  169  19:01  Hydralisk  
  160  19:04  Overseer  
  160  19:05  Zergling x2  
  152  19:21  Hatchery  
Show
View Real Time Build Order
Export as new Build Order

Maru Terran - Winner!

Build Orders: Command Center First (CC), Mech 

Get SALT Encoding   

  12  0:00  SCV  
  13  0:12  SCV  
  14  0:17  Supply Depot  
  14  0:24  SCV  
  15  0:38  SCV  
  16  0:51  SCV  
  17  0:59  Command Center  
  17  1:03  SCV  
  18  1:12  Barracks  
  18  1:15  SCV  
  19  1:22  Refinery  
  19  1:28  SCV  
  19  1:30  Refinery  
  20  1:40  SCV  
  21  1:52  SCV  
  22  1:59  Reaper  
  23  2:04  Orbital Command  
  23  2:11  Orbital Command  
  23  2:17  Factory  
  23  2:26  Supply Depot  
  24  2:30  SCV  
  24  2:31  Barracks Reactor  
  25  2:37  SCV  
  25  2:42  SCV  
  26  2:50  SCV, Factory  
  27  2:54  SCV  
  28  3:09  SCV x2  
  28  3:10  Hellion  
  34  3:15  Supply Depot  
  34  3:17  Barracks Reactor  
  34  3:21  Cyclone, SCV x2  
  37  3:32  Hellion  
  37  3:33  SCV x2  
  41  3:38  Supply Depot  
  41  3:45  Command Center, SCV x2  
  43  3:57  Cyclone x2  
  43  4:00  Hellion  
  43  4:01  SCV  
  52  4:03  Barracks Tech Lab, SCV  
  52  4:05  Supply Depot  
  52  4:09  Hellion  
  55  4:13  SCV  
  55  4:15  SCV  
  57  4:19  Refinery  
  57  4:20  Refinery  
  57  4:23  Cyclone  
  60  4:26  SCV  
  60  4:27  Supply Depot  
  61  4:34  SCV  
  61  4:36  Siege Tank  
  61  4:37  Hellion  
  67  4:38  SCV  
  67  4:44  Supply Depot  
  68  4:46  SCV  
  68  4:50  SCV  
  70  4:58  SCV x2  
  72  5:03  Hellion x2  
  72  5:04  Supply Depot, SCV  
  77  5:10  Siege Tank  
  78  5:24  Armory  
  78  5:25  Armory  
  75  5:28  Hellion  
  73  5:36  SCV  
  73  5:37  SCV  
  73  5:38  Engineering Bay  
  73  5:42  Siege Tank  
  78  5:48  SCV  
  78  5:49  SCV  
  80  6:00  SCV  
  80  6:02  Hellion x2  
  80  6:03  Factory  
  85  6:09  Missile Turret  
  85  6:11  Missile Turret  
  82  6:16  Thor  
  82  6:18  Missile Turret  
  86  6:25  Orbital Command, SCV x2  
  86  6:30  Terran Vehicle Weapons Level 1  
  86  6:31  Terran Vehicle And Ship Armor Level 1  
  84  6:42  Hellion x2, SCV  
  89  6:48  Missile Turret  
  89  6:50  Missile Turret  
  89  6:52  SCV  
  89  6:53  SCV, Factory x2  
  91  7:04  SCV x2  
  91  7:05  SCV  
  91  7:06  Cyclone x3  
  103  7:10  Supply Depot  
  103  7:16  SCV x2  
  103  7:20  Command Center  
  105  7:30  Cyclone  
  105  7:31  Cyclone  
  105  7:34  Refinery  
  105  7:35  Supply Depot, SCV x3, Refinery  
  114  7:37  Supply Depot  
  114  7:38  Cyclone  
  114  7:39  Factory Tech Lab  
  114  7:40  Factory Tech Lab  
  114  7:42  Supply Depot  
  117  7:44  Supply Depot  
  117  7:56  SCV x3  
  120  7:59  Cyclone x3  
  120  8:01  Supply Depot  
  129  8:08  SCV x3  
  129  8:09  Supply Depot  
  129  8:11  Starport  
  129  8:12  Starport  
  132  8:13  Hellion x2  
  136  8:21  SCV  
  137  8:28  Cyclone  
  137  8:33  Terran Vehicle Weapons Level 2  
  140  8:35  Command Center  
  140  8:37  SCV x3  
  140  8:41  Cyclone x2  
  149  8:50  Cyclone x2  
  155  8:57  Orbital Command  
  155  8:58  Missile Turret  
  155  9:03  Cyclone, Starport Tech Lab  
  155  9:04  Starport Tech Lab  
  158  9:13  Terran Vehicle And Ship Armor Level 2  
  156  9:17  Infernal Pre-Igniter  
  148  9:28  Cyclone, Refinery  
  151  9:31  Cyclone  
  151  9:37  Cyclone  
  154  9:43  Refinery  
  154  9:47  Cyclone  
  154  9:52  Hellion, Cyclone  
  160  9:53  Hellion  
  160  9:55  Command Center  
  148  10:00  Banshee x2  
  148  10:02  Orbital Command  
  154  10:09  Hellion x3  
  154  10:14  Hellion  
  150  10:17  Refinery x2  
  150  10:18  Cloaking Field  
  150  10:19  Hyperflight Rotors  
  138  10:22  Hellion  
  138  10:23  Cyclone  
  140  10:30  SCV x4  
  141  10:40  Cyclone x4  
  141  10:42  Hellion, SCV  
  144  10:43  Hellion  
  144  10:45  Banshee  
  138  10:55  Hellion  
  140  11:01  Terran Vehicle Weapons Level 3  
  140  11:03  Hellion, Banshee  
  136  11:04  Cyclone  
  133  11:12  Hellion x2, Cyclone  
  128  11:19  Cyclone  
  128  11:20  Hellion  
  128  11:21  Starport  
  128  11:22  Starport  
  128  11:24  Hellion  
  132  11:30  Command Center  
  132  11:31  Planetary Fortress  
  132  11:34  Orbital Command  
  132  11:35  Banshee  
  132  11:37  Sensor Tower  
  135  11:40  Cyclone  
  135  11:42  Cyclone  
  137  11:55  Cyclone x2  
  135  12:05  Cyclone x2  
  135  12:07  Cyclone  
  127  12:14  Cyclone  
  121  12:21  Orbital Command  
  121  12:22  Cyclone  
  124  12:24  SCV x3  
  124  12:27  Cyclone x2  
  124  12:29  Banshee  
  124  12:38  Hellion  
  131  12:45  SCV x2  
  131  12:46  Cyclone, SCV  
  131  12:49  SCV x2  
  131  12:51  Refinery x2  
  139  12:55  Hellion  
  139  12:58  Refinery  
  141  12:59  Hellion x2  
  141  13:02  Command Center, Thor x2  
  141  13:05  Missile Turret  
  152  13:06  Missile Turret x2  
  152  13:07  Missile Turret  
  151  13:13  SCV x2  
  151  13:19  Raven  
  154  13:20  SCV  
  154  13:22  SCV  
  154  13:25  SCV  
  153  13:31  SCV  
  153  13:32  SCV  
  153  13:33  Thor  
  148  13:42  Hellion x4  
  148  13:44  SCV x2  
  148  13:45  Thor  
  164  13:53  Terran Vehicle And Ship Armor Level 3  
  151  14:09  Hellion x4, Banshee  
  156  14:17  SCV x4  
  156  14:18  Orbital Command, SCV  
  161  14:25  Missile Turret  
  161  14:26  Raven  
  161  14:28  Starport Tech Lab  
  160  14:46  Missile Turret  
  160  14:47  SCV x5  
  160  14:48  SCV  
  160  14:51  Siege Tank x2  
  160  14:52  Siege Tank, Raven  
  177  15:04  Raven  
  177  15:05  Starport Reactor  
  177  15:08  Orbital Command, Raven  
  177  15:11  Command Center  
  179  15:22  Terran Ship Weapons Level 1  
  179  15:27  Siege Tank  
  178  15:35  Banshee  
  180  15:37  Refinery  
  180  15:43  Viking x2  
  180  15:44  Refinery  
  180  15:47  Banshee  
  187  15:51  Banshee  
  187  16:19  SCV  
  187  16:20  SCV x4  
  187  16:24  Raven  
  180  16:29  Raven  
  180  16:31  SCV, Viking x2  
  180  16:32  SCV x4  
  185  16:34  Banshee  
  185  16:38  Planetary Fortress  
  188  16:44  SCV x5  
  188  16:45  Missile Turret  
  196  16:47  Siege Tank x2  
  183  17:03  Viking  
  183  17:07  Banshee  
  179  17:12  Siege Tank, Raven  
  179  17:13  Hellion  
  184  17:17  Raven  
  184  17:19  Siege Tank  
  180  17:24  SCV x2  
  180  17:25  SCV x3  
  171  17:31  Hellion, Cyclone  
  171  17:32  Hellion, Cyclone  
  171  17:36  SCV  
  173  17:41  SCV x4  
  176  17:48  SCV  
  176  17:50  Raven  
  160  17:53  SCV x4  
  160  17:55  Raven  
  155  17:58  Cyclone x3  
  155  18:03  Cyclone  
  158  18:08  Cyclone  
  158  18:12  Cyclone  
  155  18:22  Cyclone  
  158  18:30  Cyclone  
  148  18:36  Cyclone  
  148  18:37  Hellion x2, SCV  
  148  18:38  SCV x4  
  148  18:39  Refinery  
  148  18:40  Refinery  
  160  18:42  SCV, Refinery  
  160  18:43  Refinery  
  160  18:44  Refinery  
  156  18:50  SCV  
  156  18:52  Cyclone x2  
  156  18:54  SCV  
  158  19:06  SCV  
  159  19:11  SCV  
  160  19:18  SCV  
Tags
 
Add a new tag
Caveats
  • Supply blocks, unpowered buildings, or Contaminate may cause inaccurate times.
  • Supply counts are checked every 10 seconds.